Map: Acolyte LE

Players

Kraken

  • Race: Zerg Zerg
  • Spawn Location: 1:00

Neurox - Winner!

  • Race: Terran Terran
  • Spawn Location: 7:00

VOD

Have the link to the VOD?

Description

Time

  • Played on: Jan. 26, 2018, 4:32 p.m.
  • Length: 39:00
Show
View Real Time Build Order
Export as new Build Order

Kraken Zerg 

Build Orders: Pool First, Swarm Host 

Get SALT Encoding   

  12  0:04  Drone  
  13  0:08  Drone  
  14  0:20  Overlord  
  14  0:38  Drone  
  15  0:48  Drone x2  
  17  1:03  Spawning Pool  
  16  1:05  Drone x2  
  18  1:16  Drone  
  19  1:23  Extractor  
  19  1:25  Drone  
  19  1:50  Queen  
  21  1:55  Zergling x2  
  21  1:57  Overlord  
  21  1:58  Overlord  
  22  2:15  Drone  
  23  2:43  Zergling x6  
  26  2:55  Extractor  
  25  3:05  Hatchery  
  24  3:09  Queen  
  26  3:14  Drone  
  26  3:15  Drone x2  
  29  3:23  Metabolic Boost  
  29  4:18  Drone  
  30  4:34  Zergling x6  
  33  4:51  Roach Warren  
  33  4:52  Drone  
  33  4:55  Drone x3  
  36  5:18  Overlord  
  36  5:35  Queen  
  36  5:56  Drone x2  
  36  5:57  Drone  
  39  6:05  Roach x2  
  43  6:23  Baneling Nest  
  42  6:42  Drone  
  43  6:49  Overlord x2  
  43  7:05  Evolution Chamber  
  42  7:17  Drone x2  
  42  7:18  Drone x3  
  47  7:32  Hatchery  
  46  7:49  Roach x5  
  56  7:53  Zergling x2  
  56  7:54  Zergling x4  
  56  7:57  Overlord  
  56  7:58  Overlord x2  
  59  8:15  Zerg Melee Weapons Level 1  
  59  8:36  Overlord x4  
  59  8:45  Zergling x10  
  59  8:48  Baneling x6  
  64  8:53  Drone  
  65  9:10  Baneling x5  
  65  9:11  Baneling x5  
  65  9:15  Drone x2  
  67  9:31  Extractor  
  67  9:32  Extractor  
  65  9:49  Overlord  
  65  9:51  Zergling x8  
  69  10:11  Drone  
  69  10:12  Drone x5  
  75  10:20  Lair  
  75  10:36  Baneling  
  75  10:37  Baneling x5  
  75  10:38  Baneling x2  
  75  11:03  Zergling x6  
  75  11:04  Zergling x12  
  80  11:05  Zergling x12  
  80  11:06  Zergling x8  
  98  11:11  Roach x4  
  98  11:12  Roach x4  
  110  11:23  Roach x5  
  120  11:28  Overlord x4  
  120  11:35  Baneling x3  
  120  11:36  Baneling x6  
  120  11:37  Baneling x6  
  120  11:38  Baneling x7  
  120  11:39  Baneling x6  
  120  11:40  Baneling x6  
  120  11:41  Baneling x4  
  120  11:46  Overseer  
  120  11:59  Drone x3  
  120  12:00  Drone x2  
  125  12:18  Infestation Pit  
  124  12:28  Evolution Chamber, Zerg Melee Weapons Level 2  
  127  12:44  Roach x4  
  127  12:45  Roach x2  
  135  12:53  Overlord x3  
  135  12:58  Glial Reconstitution  
  135  13:02  Pathogen Glands  
  135  13:17  Centrifical Hooks  
  135  13:26  Swarm Host  
  135  13:27  Swarm Host x5  
  153  13:35  Drone x4  
  153  13:36  Drone x2  
  153  13:40  Drone  
  160  14:24  Swarm Host x3  
  169  14:32  Drone x3  
  172  14:48  Nydus Network  
  171  14:59  Drone x4  
  175  15:18  Zergling x6  
  178  15:27  Swarm Host x2  
  184  15:43  Overlord x2  
  184  15:54  Overlord  
  184  15:55  Overlord x4  
  184  16:01  Pneumatized Carapace  
  184  16:21  Hatchery  
  183  16:43  Zergling x8  
  183  16:44  Zergling x4  
  189  16:47  Baneling  
  189  16:55  Baneling x4  
  189  16:56  Baneling  
  189  17:06  Burrow  
  189  18:09  Infestor x3  
  189  18:10  Infestor x2  
  199  18:23  Baneling x2  
  199  18:24  Baneling x7  
  199  18:25  Baneling x3  
  128  21:11  Zergling x8  
  128  21:12  Zergling x10  
  136  22:40  Drone x3  
  139  22:58  Infestor x5  
  149  23:39  Hatchery  
  148  24:04  Swarm Host x2  
  148  24:05  Swarm Host x6  
  172  25:48  Neural Parasite  
  98  28:46  Zergling x10  
  98  28:47  Zergling x2  
  104  28:50  Drone x4  
  104  28:55  Drone x3  
  110  28:58  Queen  
  113  29:03  Zerg Missile Weapons Level 1  
  113  29:10  Drone  
  113  29:11  Drone x2  
  116  29:33  Queen  
  116  29:34  Zergling x6  
  116  29:38  Swarm Host x4  
  121  29:39  Swarm Host  
  136  30:06  Zergling x8  
  140  30:08  Baneling  
  140  30:12  Baneling x5  
  140  30:20  Swarm Host  
  143  30:33  Baneling x5  
  143  30:34  Baneling x8  
  143  30:35  Baneling x6  
  143  30:36  Baneling  
  143  30:57  Zerg Ground Armor Level 1  
  143  31:26  Overseer  
  143  31:36  Zergling x10  
  143  31:37  Zergling x10  
  153  31:41  Swarm Host x3  
  162  32:08  Nydus Canal  
  162  33:21  Baneling  
  162  33:22  Baneling  
  137  34:51  Extractor  
  49  37:31  Drone  
Show
View Real Time Build Order
Export as new Build Order

Neurox Terran - Winner!

Build Orders:  

Get SALT Encoding   

  12  0:02  SCV  
  13  0:29  Supply Depot  
  13  0:45  SCV  
  14  1:05  Barracks  
  14  1:11  Barracks  
  14  1:17  Refinery  
  14  1:18  SCV  
  15  1:30  SCV  
  16  1:56  Supply Depot  
  16  2:01  SCV  
  16  2:02  Refinery  
  17  2:11  Barracks Reactor  
  17  2:13  SCV  
  18  2:26  SCV  
  18  2:27  Supply Depot  
  19  2:44  Barracks Reactor  
  19  2:50  Supply Depot  
  19  2:53  SCV  
  20  3:05  SCV  
  21  3:07  Marine x2  
  23  3:13  Supply Depot  
  23  3:23  Orbital Command  
  23  3:25  Marine x2  
  25  3:42  Refinery  
  25  3:43  Command Center  
  25  4:22  SCV  
  26  4:25  Marine x2  
  26  4:31  Marine x2  
  30  4:34  SCV  
  31  4:43  Marine x2  
  33  4:48  Marine x2  
  35  5:00  Marine  
  35  5:01  Marine  
  35  5:05  SCV, Factory  
  35  5:06  Marine x2  
  40  5:17  SCV  
  40  5:18  Marine x2  
  43  5:24  Marine x2  
  45  5:29  SCV  
  46  5:38  Refinery  
  46  5:41  SCV  
  47  5:53  SCV  
  48  6:09  Starport  
  48  6:30  Barracks  
  48  6:39  Barracks  
  48  6:54  Marine x4  
  48  7:00  Orbital Command  
  52  7:12  Marine x4  
  56  7:18  Barracks  
  56  7:26  Starport Reactor  
  56  7:27  Armory  
  56  7:30  SCV, Marine x4  
  56  7:34  SCV  
  62  7:42  SCV  
  63  7:47  SCV  
  64  7:55  SCV  
  65  7:59  SCV  
  65  8:01  Marine x3  
  65  8:02  Marine  
  72  8:11  SCV  
  72  8:12  Barracks Tech Lab  
  72  8:17  Barracks Tech Lab  
  72  8:19  Marine x4  
  74  8:23  SCV, Barracks Tech Lab  
  76  8:29  Viking  
  78  9:04  Viking, Medivac, Marine x4  
  86  9:56  SCV, Viking, Medivac, Marine x3  
  94  10:15  Bunker  
  94  10:47  Bunker  
  94  11:02  Supply Depot  
  94  11:21  Bunker  
  94  11:24  Marauder x2, SCV, Marine x3  
  102  11:29  Supply Depot  
  102  11:50  Marine x2  
  102  11:51  Marauder, Viking, Medivac  
  110  12:04  Supply Depot  
  110  12:11  Marauder, SCV, Marine x4  
  117  12:18  Marauder x2  
  117  12:21  Medivac  
  123  12:23  SCV  
  123  12:28  Marine x4  
  128  12:32  Supply Depot  
  128  12:33  Marauder  
  128  12:35  SCV  
  131  12:39  Marauder  
  133  12:45  Marauder  
  133  12:46  Marine x3  
  138  12:54  Marauder  
  140  13:00  Marauder  
  142  13:07  Marauder  
  144  13:15  Marauder  
  146  13:22  Marauder, Engineering Bay  
  148  13:28  Marauder  
  150  14:37  Command Center  
  150  15:12  Missile Turret  
  150  15:47  Supply Depot  
  150  16:02  Refinery  
  154  17:08  Marauder x2  
  154  17:09  Marauder  
  154  17:11  Marine x4  
  160  17:28  Marine  
  160  17:29  Marine x3  
  168  17:30  Marauder x3  
  170  17:39  Missile Turret  
  170  17:46  Missile Turret, Marine  
  170  17:47  Marine x3  
  178  17:51  Marauder x3  
  180  18:04  Marine  
  181  18:13  Terran Vehicle Weapons Level 1  
  181  18:24  Supply Depot  
  181  18:28  Supply Depot  
  181  18:30  Supply Depot  
  181  18:46  Marauder x2, Marine x4  
  189  18:50  Marauder  
  191  18:56  Orbital Command  
  191  19:04  Marine x4  
  191  19:08  Marauder x2  
  199  19:11  Marine  
  200  19:31  Combat Shield  
  63  19:51  Marine x2  
  63  19:52  Marine x4  
  63  20:09  Marine x4  
  63  20:10  Marine x2  
  69  20:28  Marauder  
  69  20:29  Marauder  
  50  21:26  Supply Depot  
  50  21:27  Supply Depot  
  50  21:31  Supply Depot  
  50  21:32  Orbital Command  
  39  21:59  Orbital Command  
  39  22:07  SCV  
  32  22:19  SCV  
  21  22:27  Barracks  
  19  22:31  SCV  
  20  22:43  Barracks, SCV  
  18  22:48  Barracks  
  18  22:55  SCV  
  19  23:06  Supply Depot  
  19  23:18  Barracks Reactor  
  19  23:29  Supply Depot  
  19  23:30  Barracks  
  19  23:38  SCV  
  20  23:50  SCV  
  20  23:52  Supply Depot  
  21  24:02  SCV  
  22  24:14  SCV  
  22  24:15  Supply Depot  
  23  24:20  Factory  
  23  24:21  Barracks  
  23  24:26  SCV  
  23  24:30  Barracks Reactor  
  24  24:38  Supply Depot  
  24  24:39  Command Center  
  24  24:52  Orbital Command  
  24  25:00  Supply Depot  
  24  25:01  Barracks Reactor  
  24  25:22  Supply Depot  
  24  26:02  Engineering Bay, Reaper  
  25  26:06  Marine x7  
  32  26:23  Marine  
  32  26:24  Marine x6  
  39  26:33  Armory  
  39  26:34  Marine  
  40  26:41  Marine x3  
  40  26:42  Marine x4  
  47  26:52  Marine  
  48  26:55  Starport  
  48  26:59  Marine x4  
  48  27:00  Marine x3  
  48  27:01  Planetary Fortress  
  55  27:10  Marine  
  56  27:17  Marine x5  
  56  27:18  Marine x2  
  63  27:27  Marine  
  64  27:35  Marine x6  
  71  27:43  Terran Infantry Weapons Level 1  
  71  27:45  Marine  
  71  27:52  Marine  
  71  27:53  Marine x5  
  67  28:25  Marine x7  
  67  28:26  Marine  
  69  28:42  Marine  
  69  28:43  Marine x7  
  77  29:00  Marine  
  78  29:22  Refinery  
  78  29:39  Barracks Reactor  
  78  29:49  Command Center  
  78  30:05  Supply Depot  
  78  30:26  Marine x7  
  78  30:27  Supply Depot  
  86  30:35  SCV  
  86  30:49  Marine x8  
  94  30:50  Supply Depot  
  94  31:00  Marine  
  94  31:01  SCV  
  96  31:06  Marine x6  
  96  31:07  Planetary Fortress  
  103  31:12  Supply Depot  
  103  31:13  SCV  
  103  31:14  Medivac  
  106  31:25  SCV  
  106  31:35  Supply Depot  
  106  31:37  SCV  
  107  31:40  Engineering Bay  
  107  31:44  Medivac  
  109  31:58  Supply Depot  
  109  32:08  Barracks Reactor  
  109  32:21  Factory Tech Lab  
  109  32:30  Supply Depot  
  109  32:54  Supply Depot  
  109  32:58  Refinery  
  109  33:00  Thor  
  115  33:28  Supply Depot  
  115  33:44  Hellbat  
  115  34:05  Hellbat  
  117  34:20  Unknown  
  117  34:31  Hellbat  
  117  34:34  Marine x6  
  117  34:35  Marine x4  
  129  34:51  Marine  
  129  34:52  Marine x3  
  133  34:53  Hellbat  
  135  35:14  Hellbat  
  137  35:36  Hellbat  
  141  35:57  Hellbat  
  126  37:12  Marine x5  
  126  37:13  Marine x5  
  136  37:30  Marine x7  
  136  37:31  Marine x3  
  146  37:47  Marine  
  146  37:48  Marine x3  
  150  38:13  Marine x2  
Tags
 
Composition
Swarm Host
Matchup
TvZ
Opening
Pool First
Spawn Locations
Cross Positions
Add a new tag
Caveats
  • Supply blocks, unpowered buildings, or Contaminate may cause inaccurate times.
  • Supply counts are checked every 10 seconds.